 Dungeon Crawl Stone Soup version 0.24-a0-230-g536ed4e (webtiles) character file.

Game seed: 232564672785156714

34 Wander the Changer (level 3, -4/24 HPs)
             Began as a Human Wanderer on Apr 2, 2019.
             Slain by Natasha (8 damage)
             ... on level 2 of the Dungeon.
             The game lasted 00:05:01 (1142 turns).

Wander the Changer (Human Wanderer)                 Turns: 1142, Time: 00:05:02

Health: -4/24      AC:  2    Str: 10    XL:     3   Next: 50%
Magic:  4/4        EV: 10    Int: 16    God:
Gold:   70         SH:  4    Dex: 11    Spells: 3/4 levels left

rFire    . . .     SeeInvis .   g - +1 hand axe (vamp)
rCold    . . .     Gourm    .   c - +0 buckler
rNeg     . . .     Faith    .   j - +0 robe (curse)
rPois    .         Spirit   .   (no helmet)
rElec    .         Reflect  .   (no cloak)
rCorr    .         Harm     .   (no gloves)
MR       .....                  (no boots)
Stlth    +.........             (no amulet)
HPRegen  0.08/turn              (no ring)
MPRegen  0.09/turn              (no ring)

@: slowed, very slow
A: no striking features
a: no special abilities


You were on level 2 of the Dungeon.
You were very hungry.

You visited 1 branch of the dungeon, and saw 2 of its levels.

You collected 70 gold pieces.

Inventory:

Hand Weapons
 a - a +0 dagger
 b - a +0 spear
 g - a +1 vampiric hand axe (weapon)
Armour
 c - a +0 buckler (worn)
 d - a +2 scale mail
 j - a cursed +0 robe (worn)
Scrolls
 e - a scroll of noise {unknown}
 f - a scroll of enchant weapon {unknown}
 l - a scroll of identify {unknown}
Potions
 i - a potion of invisibility {unknown}
 k - a potion of lignification {unknown}
 m - a potion of haste {unknown}
Comestibles
 h - 4 rations


   Skills:
 * Level 1.6(2.1) Axes
 - Level 2.0(2.3) Polearms
 - Level 2.3 Armour
 - Level 2.0 Shields
 - Level 1.0 Spellcasting
   Level 4.0 Transmutations


You had 3 spell levels left.
You knew the following spells:

 Your Spells              Type           Power        Failure   Level  Hunger
a - Pain                  Necr           #...         28%         1    ##.....

Your spell library contained the following spells:

 Spells                   Type           Power        Failure   Level  Hunger
 Vampiric Draining        Necr           #.........   65%         3    ####...


Dungeon Overview and Level Annotations

Branches:
Dungeon (2/15)

Altars:

Annotations:
D:2 Natasha


Message History

Natasha casts a spell.
You see here a large shield.
You block Natasha's attack.
You hit Natasha.
You feel better.
Natasha is lightly wounded.
Natasha stares at you and mumbles some strange words.
The magic dart hits you!
* * * LOW HITPOINT WARNING * * *
You closely miss Natasha.
Natasha is lightly wounded.
Natasha barely misses you.
You hit Natasha.
Natasha is moderately wounded.
You hit the white imp.
Natasha stares at you and mumbles some strange words.
You feel yourself slow down. The white imp barely misses you.
You hit Natasha.
Natasha is heavily wounded.
You hit the white imp. Natasha claws you!
You die...

#########
#.......#
#.......#####
##..>.........
#.............
#.!..h5.<.....
#.....@.......
#.....[.......
#.............
#.#
##.........(..
.# #.#
#.........####
$. #.#
#.........# #.
#.#
##.........#
#.###.#
#..........#
..##.#
#..........#


You could see Natasha and a white imp.

Vanquished Creatures
  A dart slug (D:1)
  2 leopard geckos (D:1)
  3 bats
  A giant cockroach (D:2)
  6 hobgoblins (D:1)
  2 ball pythons (D:1)
  4 frilled lizards
  2 goblins (D:1)
  A kobold (D:1)
  8 rats
30 creatures vanquished.

Notes
Turn   | Place    | Note
-------+----------+-------------------------------------------
     0 | D:1      | Wander the Human Wanderer began the quest for the Orb.
     0 | D:1      | Wander set off with the following items: a +0 dagger, a +0
                  | buckler, a +2 scale mail, a ration; and the following spell
                  | memorised: Pain; and the following spells available to
                  | memorise: Vampiric Draining
     0 | D:1      | Reached XP level 1. HP: 13/13 MP: 2/2
    81 | D:1      | Reached XP level 2. HP: 6/19 MP: 3/3
    87 | D:1      | Reached skill level 1 in Polearms
   428 | D:1      | Reached XP level 3. HP: 19/24 MP: 4/4
  1135 | D:2      | Noticed Natasha
  1142 | D:2      | Slain by Natasha

Levels and vault maps discovered:
D:1:      roderic_dead_forest, layout_loops_ring
D:2:      layout_rooms, uniq_natasha

Skill      XL: |  1  2  3 |
---------------+----------+-----
Polearms       | 1 2 |  2.0
Axes           | |  1.6
Armour         | |  2.3
Shields        | |  2.0
Spellcasting   | |  1.0
Transmutations | |  4.0

Action                   || total
-------------------------++-------
Melee: Dagger            ||    18
       Spear             ||    58
       Hand axe          ||    48
  Eat: Ration            ||     1
       Chunk             ||     1
Armor: Scale mail        ||    39
       Robe              ||    19
Dodge: Dodged            ||    43
Block: Buckler           ||    23

Table legend:
 A = Non-vault XP
 B = Vault XP
 C = Vault XP percentage of total XP
 D = Non-vault monster count
 E = Vault monster count
 F = Vault count percentage of total count
                 A         B        C        D         E       F
            +---------+---------+-------+---------+---------+-------
      Total |      49 |       0 |   0.0 |      30 |       0 |   0.0
            +---------+---------+-------+---------+---------+-------
        D:1 |      42 |       0 |   0.0 |      25 |       0 |   0.0
        D:2 |       7 |       0 |   0.0 |       5 |       0 |   0.0
            +---------+---------+-------+---------+---------+-------
